 Dungeon Sprint DCSS version 0.21.1-1-g345015f (webtiles) character file.

904 Fang the Fighter (level 8, 0/90 HPs)
             Began as a Gargoyle Berserker on July 15, 2018.
             Was a High Priest of Trog.
             Slain by a shadow wraith (11 damage)
             ... in the Dungeon (Sprint VII: "The Pits").
             The game lasted 00:02:46 (737 turns).

Fang the Fighter (Gargoyle Berserker)                Turns: 737, Time: 00:02:47

Health: 0/90       AC:  8    Str: 28    XL:     8   Next: 8%
Magic:  8/8        EV: 14    Int:  8    God:    Trog [*****.]
Gold:   0          SH:  0    Dex:  9    Spells: 7/7 levels left

rFire    . . .     SeeInvis .   n - +1 hand axe (freeze)
rCold    . . .     Gourm    .   (no shield)
rNeg     + . .     Faith    .   b - +0 animal skin
rPois    ∞         Spirit   .   (no helmet)
rElec    +         Reflect  .   (no cloak)
rCorr    .         Harm     .   (no gloves)
MR       .....     NoTele   +   (no boots)
Stlth    ..........             (no amulet)
HPRegen  0.25/turn              (no ring)
MPRegen  0.11/turn              (no ring)

@: berserking (expiring), slowed
A: negative energy resistance 1, electricity resistance, unbreathing,
petrification resistance, rot immunity, AC +5
a: Berserk, Trog's Hand, Brothers in Arms, Burn Spellbooks, Renounce Religion


You were in the Dungeon.
You worshipped Trog.
Trog was extremely pleased with you.
You were near starving.

You visited 1 branch

Inventory:

Hand Weapons
 n - a +1 hand axe of freezing (weapon)
Armour
 b - a +0 animal skin (worn)
Scrolls
 i - a scroll of blinking
 k - 3 scrolls of remove curse
 l - a scroll of summoning
Potions
 a - 2 potions of invisibility
 d - 6 potions of curing
 e - 6 potions of heal wounds
 f - a potion of haste
 g - 4 potions of magic
 h - 3 potions of berserk rage
Comestibles
 c - 8 rations


   Skills:
 + Level 11.2 Fighting
 + Level 10.5 Axes
 + Level 5.0 Armour
 + Level 6.1 Dodging
 + Level 2.7 Stealth


You had 7 spell levels left.
You didn't know any spells.

Dungeon Overview and Level Annotations

Branches:
Dungeon (1/1)

Altars:
Cheibriados
Dithmenos
Elyvilon
Fedhas
Gozag
Hepliaklqana
Makhleb
Nemelex Xobeh
Okawaru
Qazlal
Ru
Sif Muna
Trog
Vehumet
Wu Jian
Xom
Yredelemnul
Zin
The Shining One
Beogh
Jiyva
Lugonu


Innate Abilities, Weirdness & Mutations

You are resistant to torment.
Your stone body is resilient. (AC +5)
You are immune to poison.
You resist negative energy. (rN+)
You are resistant to electric shocks. (rElec)
You can survive without breathing.
You are immune to petrification.
You are immune to rotting.


Message History

You miss the vampire mosquito. The vampire mosquito misses you.
The vampire mosquito completely misses you.
You closely miss the vampire mosquito.
The vampire mosquito is almost destroyed.
You completely miss something. The vampire mosquito misses you.
Something hits you.
* * * LOW HITPOINT WARNING * * *
Something drains your vigour!
You feel yourself slow down.
Deactivating autopickup; reactivate with Ctrl-A.
You slice the vampire mosquito!! You freeze the vampire mosquito.
You destroy the vampire mosquito!
Trog accepts your kill.
Your Fighting skill increases to level 11!
You have reached level 8!
You feel clever.
You barely miss something. You slash something! You freeze something.
The floating eye's view fixates on you. Something hits you!
You die...

#.####)##'###...<...#
#.#........##.......#
#.#........##.......#
#'###########.......#
#..((...#..##########
#..#.#..#.## ###
#.##)##.#.# ...#
#.......#%#....#
#.##.##.#@†G...+
#..#.#..#'#....#
#.......'.# ...#
########### ###


You could see a floating eye.

Vanquished Creatures
  A hungry ghost (D)
  4 vampire mosquitoes (D)
  2 ice beasts (D)
  A quasit (D)
  A worker ant (D)
  2 gnolls (D)
  An ufetubus (D)
  2 leopard geckos (D)
  An orc (D)
  A goblin (D)
  3 jackals (D)
  A bat (D)
  2 kobolds (D)
  A leopard gecko skeleton (D)
  2 rats (D)
25 creatures vanquished.

Notes
Turn   | Place    | Note
-------+----------+-------------------------------------------
     0 | D        | Fang the Gargoyle Berserker began the quest for the Orb.
     0 | D        | Reached XP level 1. HP: 14/14 MP: 1/1
    11 | D        | Noticed a worker ant
    17 | D        | Killed a worker ant
    17 | D        | Reached skill level 5 in Fighting
    17 | D        | Reached XP level 2. HP: 21/21 MP: 2/2
    17 | D        | Reached XP level 3. HP: 26/26 MP: 3/3
    76 | D        | Found a bloodstained altar of Trog.
    76 | D        | Found a deep blue altar of Sif Muna.
    76 | D        | Found a viscous altar of Jiyva.
    76 | D        | Found a hazy altar of Hepliaklqana.
    76 | D        | Found an opulent altar of Gozag.
    77 | D        | Found a glowing golden altar of the Shining One.
    77 | D        | Found a glowing silver altar of Zin.
    77 | D        | Found a basalt altar of Yredelemnul.
    77 | D        | Found a shimmering altar of Xom.
    77 | D        | Found an ornate altar of the Wu Jian Council.
    77 | D        | Found a sacrificial altar of Ru.
    77 | D        | Found a stormy altar of Qazlal.
    77 | D        | Found an iron altar of Okawaru.
    77 | D        | Found a sparkling altar of Nemelex Xobeh.
    77 | D        | Found a burning altar of Makhleb.
    77 | D        | Found a blossoming altar of Fedhas.
    77 | D        | Found a white marble altar of Elyvilon.
    77 | D        | Found a shadowy altar of Dithmenos.
    77 | D        | Found a snail-covered altar of Cheibriados.
    79 | D        | Found a radiant altar of Vehumet.
    79 | D        | Found a corrupted altar of Lugonu.
    79 | D        | Found a roughly hewn altar of Beogh.
   132 | D        | Reached ** piety under Trog
   229 | D        | Reached *** piety under Trog
   229 | D        | Reached skill level 6 in Fighting
   229 | D        | Reached skill level 5 in Axes
   229 | D        | Reached XP level 4. HP: 25/32 MP: 4/4
   427 | D        | Noticed an ice beast
   428 | D        | Noticed an ice beast
   449 | D        | Killed an ice beast
   449 | D        | Reached skill level 7 in Fighting
   449 | D        | Reached XP level 5. HP: 31/39 MP: 5/5
   455 | D        | Killed an ice beast
   455 | D        | Reached **** piety under Trog
   455 | D        | Reached skill level 8 in Fighting
   455 | D        | Reached XP level 6. HP: 36/45 MP: 6/6
   580 | D        | Reached ***** piety under Trog
   600 | D        | Noticed a hungry ghost
   633 | D        | Killed a hungry ghost
   633 | D        | Reached skill level 9 in Fighting
   633 | D        | Reached skill level 5 in Dodging
   633 | D        | Reached skill level 1 in Stealth
   722 | D        | Noticed a floating eye
   722 | D        | Noticed a vampire mosquito
   722 | D        | Noticed a vampire mosquito
   722 | D        | Noticed a vampire mosquito
   722 | D        | Noticed a vampire mosquito
   727 | D        | Killed a vampire mosquito
   727 | D        | Received a gift from Trog
   727 | D        | Reached skill level 10 in Fighting
   727 | D        | Reached XP level 7. HP: 52/52 MP: 7/7
   728 | D        | Paralysed by a floating eye for 2 turns
   732 | D        | Killed a vampire mosquito
   734 | D        | Killed a vampire mosquito
   734 | D        | Reached skill level 10 in Axes
   734 | D        | Reached skill level 5 in Armour
   736 | D        | Killed a vampire mosquito
   736 | D        | Reached skill level 11 in Fighting
   736 | D        | Reached XP level 8. HP: 11/60 MP: 8/8
   737 | D        | Slain by a shadow wraith

Skill      XL: |  1  2  3  4  5  6  7 |
---------------+----------------------+-----
Fighting       | 5 6 7 8 10 11 | 11.2
Axes           | 4 5 6 7 9 10 | 10.5
Armour         | 3 4 5 |  5.0
Dodging        | 2 3 4 5 6 |  6.1
Stealth        | 1 2 |  2.7

Action                   |  1- 3 |  4- 6 |  7- 9 || total
-------------------------+-------+-------+-------++-------
Melee: Hand axe          |    16 |    71 |     8 ||    95
Invok: Berserk           |     2 |     2 |       ||     4
 Stab: Sleeping          |       |     1 |       ||     1
  Eat: Chunk             |       |     2 |       ||     2
       Ration            |       |     1 |       ||     1
Armor: Animal skin       |     5 |    21 |     3 ||    29
Dodge: Dodged            |    13 |    22 |     8 ||    43
